 Dungeon Crawl Stone Soup version 0.24-a0-201-gf205589 (webtiles) character file.

Game seed: 9091850382544748674

62 silenth the Cudgeler (level 3, 0/28 HPs)
             Began as a Demonspawn Gladiator on Mar 21, 2019.
             Succumbed to an adder's poison
             ... on level 2 of the Dungeon.
             The game lasted 00:02:15 (1522 turns).

silenth the Cudgeler (Demonspawn Gladiator)         Turns: 1522, Time: 00:02:15

Health: 0/28       AC:  4    Str: 14    XL:     3   Next: 85%
Magic:  3/3        EV: 12    Int:  9    God:
Gold:   56         SH:  0    Dex: 15    Spells: 2/2 levels left

rFire    . . .     SeeInvis .     - Unarmed
rCold    + + .     Gourm    .   (no shield)
rNeg     . . .     Faith    .   b - +0 leather armour
rPois    .         Spirit   .   c - +0 helmet
rElec    .         Reflect  .   (no cloak)
rCorr    .         Harm     .   (no gloves)
MR       .....                  (no boots)
Stlth    +.........             (no amulet)
HPRegen  0.09/turn              h - ring of protection from cold
MPRegen  0.08/turn              f - ring of protection from cold

@: lethally poisoned (0 -> -3)
A: claws 1, demonic guardian 1
a: no special abilities


You were on level 2 of the Dungeon.
You were not hungry.

You visited 1 branch of the dungeon, and saw 2 of its levels.

You collected 56 gold pieces.

Inventory:

Hand Weapons
 a - a +0 flail
Missiles
 d - 3 throwing nets (quivered)
 j - 6 tomahawks
Armour
 b - a +0 leather armour (worn)
 c - a +0 helmet (worn)
Jewellery
 f - a ring of protection from cold (right claw)
 h - a ring of protection from cold (left claw)
Scrolls
 g - a scroll of fear {unknown}
 i - 2 scrolls of magic mapping {unknown}
 k - a scroll of teleportation {unknown}
Comestibles
 e - 3 rations
 l - 4 chunks of flesh


   Skills:
 + Level 2.8 Fighting
 - Level 3.5 Maces & Flails
 - Level 1.7 Throwing
 - Level 2.6 Dodging
 * Level 1.4 Unarmed Combat


You had 2 spell levels left.
You didn't know any spells.
Your spell library was empty.

Dungeon Overview and Level Annotations

Branches:
Dungeon (2/15)

Altars:


Innate Abilities, Weirdness & Mutations

You have sharp fingernails.
A weak demonic guardian rushes to your aid.


Message History

You feel sick.
* * * LOW HITPOINT WARNING * * *
You feel sick.
* * * LOW HITPOINT WARNING * * *
You feel sick.
* * * LOW HITPOINT WARNING * * *
You feel sick.
* * * LOW HITPOINT WARNING * * *
You feel sick.
* * * LOW HITPOINT WARNING * * *
You feel sick.
* * * LOW HITPOINT WARNING * * *
You feel sick.
* * * LOW HITPOINT WARNING * * *
You feel sick.
* * * LOW HITPOINT WARNING * * *
You feel sick.
* * * LOW HITPOINT WARNING * * *
You feel sick.
You die...

#.### #.# #.
#.÷.####.# #.
##.......# #.
#..###### #. #..#
######. #..# #.(..÷.
#..# #.#####
##########..# #.# #
.......@....######.#
##
#########.......†..#
##. ##..#......###..
#..............
#.........###..
####...........
###.#...####
#.........
###...####


There were no monsters in sight!

Vanquished Creatures
  An adder (D:2)
  A dart slug (D:2)
  A leopard gecko (D:1)
  A ball python (D:1)
  9 bats
  A giant cockroach (D:2)
  4 goblins
  8 hobgoblins
  4 jackals
  2 frilled lizards (D:2)
  9 kobolds
  4 rats (D:1)
45 creatures vanquished.

Notes
Turn   | Place    | Note
-------+----------+-------------------------------------------
     0 | D:1      | silenth the Demonspawn Gladiator began the quest for the
                  | Orb.
     0 | D:1      | Reached XP level 1. HP: 16/16 MP: 1/1
   218 | D:1      | Reached skill level 3 in Maces & Flails
   280 | D:1      | Gained mutation: A weak demonic guardian rushes to your
                  | aid. [demonic ancestry]
   280 | D:1      | Reached XP level 2. HP: 16/22 MP: 2/2
   788 | D:1      | Gained mutation: You have sharp fingernails. [demonic
                  | ancestry]
   788 | D:1      | Reached XP level 3. HP: 26/28 MP: 3/3
  1368 | D:2      | Reached skill level 1 in Unarmed Combat
  1515 | D:2      | HP: 2/28 [poisoned by an adder]
  1522 | D:2      | Succumbed to an adder's poison

Levels and vault maps discovered:
D:1:      wander_arrival_chamber, layout_rooms
D:2:      layout_loops_ring, serial_glass, glass_columns_b, glass_columns_a,
          minmay_misc_feat_plants

Skill      XL: |  1  2  3 |
---------------+----------+-----
Maces & Flails | 3 |  3.5
Unarmed Combat | 1 |  1.4
Fighting       | |  2.8
Throwing       | |  1.7
Dodging        | |  2.6

Action                   || total
-------------------------++-------
Melee: Flail             ||    71
       Unarmed           ||    96
       Punch             ||     1
 Stab: Distracted        ||     1
  Eat: Chunk             ||     2
Armor: Leather armour    ||    59
Dodge: Dodged            ||   139

Table legend:
 A = Non-vault XP
 B = Vault XP
 C = Vault XP percentage of total XP
 D = Non-vault monster count
 E = Vault monster count
 F = Vault count percentage of total count
                 A         B        C        D         E       F
            +---------+---------+-------+---------+---------+-------
      Total |      89 |       0 |   0.0 |      45 |       0 |   0.0
            +---------+---------+-------+---------+---------+-------
        D:1 |      44 |       0 |   0.0 |      26 |       0 |   0.0
        D:2 |      45 |       0 |   0.0 |      19 |       0 |   0.0
            +---------+---------+-------+---------+---------+-------
